 Dungeon Crawl Stone Soup version 0.19-a0-1803-g97ff39f (webtiles) character file.

165 Naow the Chopper (level 5, 0/45 HPs)
             Began as a Minotaur Berserker on Oct 5, 2016.
             Was a Believer of Trog.
             Slain by a hound (4 damage)
             ... on level 5 of the Dungeon.
             The game lasted 00:03:20 (2781 turns).

Naow the Chopper (Minotaur Berserker)               Turns: 2781, Time: 00:03:20

Health: 0/45       AC:  2    Str: 21    XL:     5   Next: 21%
Magic:  4/4        EV: 12    Int:  5    God:    Trog [**....]
Gold:   129        SH:  0    Dex: 10    Spells: 0 memorised, 4 levels left

rFire  . . .     SeeInvis .     a - +0 hand axe
rCold  . . .     Gourm    .     b - +0 animal skin
rNeg   . . .     Faith    .     (no shield)
rPois  .         Spirit   .     (helmet restricted)
rElec  .         Dismiss  .     (no cloak)
rCorr  .         Reflect  .     (no gloves)
MR     ++...     Harm     .     (no boots)
Stlth  +.........               (no amulet)
                                (no ring)
                                (no ring)

@: exhausted, regenerating, slowed, very slow
A: retaliatory headbutt, horns 2
a: Berserk, Trog's Hand, Burn Spellbooks, Renounce Religion


You were on level 5 of the Dungeon.
You worshipped Trog.
Trog was pleased with you.
You were very hungry.

You visited 1 branch of the dungeon, and saw 5 of its levels.

You collected 129 gold pieces.

Inventory:

Hand Weapons
 a - a +0 hand axe (weapon)
Armour
 b - a +0 animal skin (worn)
 h - a +0 pair of boots
Jewellery
 l - an uncursed ring of ice {unknown}
 o - an uncursed ring of protection from fire {unknown}
 p - an uncursed ring of flight {unknown}
Scrolls
 f - 2 scrolls of identify {unknown}
 g - a scroll of fog {unknown}
 j - 2 scrolls of immolation {unknown}
 k - 2 scrolls of random uselessness {unknown}
 r - a scroll of remove curse {unknown}
 w - a scroll of silence {unknown}
Potions
 e - 2 potions of heal wounds {unknown}
 i - 2 potions of invisibility {unknown}
 m - a potion of curing {unknown}
 n - a potion of haste {unknown}
 q - 2 potions of mutation {unknown}
 v - a potion of resistance {unknown}
Comestibles
 c - 8 bread rations
 d - a meat ration
 s - a royal jelly
 t - 3 chunks of flesh
 u - a beef jerky


   Skills:
 - Level 3.6 Fighting
 + Level 7.2 Axes
 - Level 2.4 Armour
 - Level 2.1 Dodging


You had 4 spell levels left.
You didn't know any spells.

Dungeon Overview and Level Annotations

Branches:
Dungeon (4/15)             Temple (0/1) D:5

Altars:
Elyvilon
Qazlal
The Shining One


Innate Abilities, Weirdness & Mutations

You reflexively headbutt those who attack you in melee.
You have a pair of horns on your head.


Message History

You feel your anger subside.
A hound comes into view.
You are no longer berserk.
You pass out from exhaustion.
You feel yourself slow down.
You are feeling hungry.
The hound barks!
The hound stops to sniff the ground.
An ogre comes into view. It is wielding a giant spiked club.
The ogre shouts!
The ogre moves out of view.
The hound bites you.
* * * LOW HITPOINT WARNING * * *
The hound bites you.
* * * LOW HITPOINT WARNING * * *
You can move again.
Your skin crawls.
You feel resistant to hostile enchantments.
You are feeling very hungry.
The hound closely misses you. The hound bites you.
You die...

###..####.#
###.......#
#.....#####
#####.# ##.##
#.(.# #...######.#
#....h.....h
####...@####...
........h†.#
.................
#...........#.##..
###.#....#### #
#....... #.......
#....... #....#..#


You could see a howler monkey (wandering) and 2 hounds.

Vanquished Creatures
  An iguana (D:5)
  An orc wizard (D:3)
  3 adders (D:2)
  2 worms
  2 leopard geckos (D:3)
  10 orcs (D:3)
  5 bats
  4 giant cockroaches
  6 goblins
  11 hobgoblins
  2 jackals (D:3)
  2 quokkas
  3 frilled lizards
  7 kobolds
  8 rats
67 creatures vanquished.

Notes
Turn   | Place    | Note
-------+----------+-------------------------------------------
     0 | D:1      | Naow the Minotaur Berserker began the quest for the Orb.
     0 | D:1      | Reached XP level 1. HP: 19/19 MP: 0/0
   282 | D:1      | Reached skill level 4 in Axes
   489 | D:1      | Reached XP level 2. HP: 22/26 MP: 1/1
   955 | D:2      | Reached skill level 5 in Axes
   993 | D:2      | Reached XP level 3. HP: 16/31 MP: 2/2
  1109 | D:2      | Reached ** piety under Trog
  1328 | D:2      | Found a white marble altar of Elyvilon.
  1353 | D:2      | Found a glowing golden altar of the Shining One.
  1779 | D:2      | Reached XP level 4. HP: 39/39 MP: 3/3
  1795 | D:2      | Reached skill level 6 in Axes
  2471 | D:3      | Reached XP level 5. HP: 29/45 MP: 4/4
  2478 | D:3      | Found a stormy altar of Qazlal.
  2713 | D:4      | You fall through a shaft!
  2713 | D:5      | Entered Level 5 of the Dungeon
  2743 | D:5      | Found a staircase to the Ecumenical Temple.
  2773 | D:5      | Reached skill level 7 in Axes
  2780 | D:5      | Noticed an ogre
  2781 | D:5      | Slain by a hound

Vault maps used:
D:1:      dpeg_arrival_signposts, serial_bayou_ford_a, kennysheep_pointless_box,
          roderic_greek_sauvastika
D:2:      overflow_temple_1_default, elyvilon_altar_3
D:3:      marbit_many_paths, first_bread
D:4:      eino_tiny_chamber, uniq_duvessa, uniq_natasha, uniq_edmund
D:5:      old_forge, nemelex_xobeh_ov_fountains_minmay

Skill      XL: |  1  2  3  4  5 |
---------------+----------------+-----
Axes           | 4 5 6 7 |  7.2
Fighting       | |  3.6
Armour         | |  2.4
Dodging        | |  2.1

Action                   |  1- 3 |  4- 6 || total
-------------------------+-------+-------++-------
Melee: Hand axe          |    66 |    62 ||   128
       Headbutt          |    18 |     9 ||    27
Invok: Berserk           |     1 |     2 ||     3
       Trog's Hand       |       |     1 ||     1
 Stab: Sleeping          |     1 |       ||     1
  Eat: Chunk             |     3 |     5 ||     8
Armor: Animal skin       |    15 |     3 ||    18
Dodge: Dodged            |    39 |    29 ||    68
